 Dungeon Crawl Stone Soup version 0.30-a0-637-gacddeb6d44 (webtiles) character file.

Game seed: 2061450969861776779

449 HoaS the Skirmisher (level 7, 0/40 HPs)
             Began as a Gargoyle Hunter on Jan 15, 2023.
             Was an Initiate of Makhleb.
             Slain by a steam dragon (4 damage)
             ... on level 7 of the Dungeon.
             The game lasted 00:07:19 (3714 turns).

HoaS the Skirmisher (Gargoyle Hunter)               Turns: 3714, Time: 00:07:20

Health: 0/40       AC:  8    Str: 15    XL:     7   Next: 4%
Magic:  7/7        EV: 11    Int:  9    God:    Makhleb [......]
Gold:   1065       SH:  0    Dex: 15    Spells: 6/6 levels left

rFire   + . .      SeeInvis .    a - +2 shortbow
rCold   . . .      Faith    .    (shield currently unavailable)
rNeg    + . .      Spirit   .    c - +0 leather armour
rPois   ∞          Reflect  .    (no helmet)
rElec   +          Harm     .    (no cloak)
rCorr   .          Rampage  .    r - +0 pair of gloves
Will    .....                    (no boots)
Stlth   ++                       (no amulet)
HPRegen 0.26/turn                i - ring of protection from fire
MPRegen 0.10/turn                (no ring)

@: hasted, very quick
A: sickness immunity, AC +4, negative energy resistance 1, electricity
resistance, torment resistance 1, petrification resistance
a: Renounce Religion


You were on level 7 of the Dungeon.
You worshipped Makhleb.
Makhleb was noncommittal.
You visited 2 branches of the dungeon, and saw 7 of its levels.

You collected 1065 gold pieces.

Inventory:

Hand Weapons
 a - a +2 shortbow (weapon)
Armour
 c - a +0 leather armour (worn)
 r - a +0 pair of gloves (worn)
Jewellery
 i - a ring of protection from fire (left hand)
Wands
 q - a wand of mindburst (8)
 s - a wand of digging (6)
 t - a wand of polymorph (7)
Scrolls
 b - 2 scrolls of immolation
 d - a scroll of vulnerability
 h - a scroll of poison
 o - a scroll of teleportation
Potions
 e - 2 potions of brilliance {unknown}
 f - 3 potions of curing
 g - a potion of berserk rage {unknown}
 j - 2 potions of haste
 k - 2 potions of invisibility {unknown}
 l - 2 potions of flight {unknown}
 m - 2 potions of ambrosia {unknown}
 n - 2 potions of degeneration {unknown}
 p - a potion of attraction {unknown}


   Skills:
 - Level 2.1 Fighting
 + Level 8.2 Ranged Weapons
 - Level 1.5 Dodging
 - Level 1.1 Stealth


You had 6 spell levels left.
You didn't know any spells.
Your spell library contained the following spells:

 Spells                   Type           Power      Damage    Failure   Level
 Ozocubu's Armour         Ice            0%         N/A       83%         3
 Manifold Assault         Tloc           0%         N/A       99%         4
 Dispersal                Tloc           0%         N/A       100%        6
 Ozocubu's Refrigeration  Ice            0%         4d7       100%        7
 Disjunction              Tloc           0%         N/A       100%        8


Dungeon Overview and Level Annotations

Branches:
Dungeon (7/15)             Temple (1/1) D:4

Altars:
Ashenzari
Dithmenos
Elyvilon
Fedhas
Gozag
Hepliaklqana
Kikubaaqudgha
Makhleb
Nemelex Xobeh
Qazlal
Sif Muna
Trog
Uskayaw
Vehumet
Wu Jian
Yredelemnul
Zin
The Shining One

Annotations:
D:1 1 transporter
D:4 1 transporter, kae's ghost, amateur DsTm


Innate Abilities, Weirdness & Mutations

You are immune to sickness and miasma.
Your stone body is resilient. (AC +4)
You are immune to poison.
You resist negative energy. (rN+)
You are resistant to electric shocks. (rElec)
You are resistant to unholy torment.
You are immune to petrification.


Message History

You shoot an arrow.
The arrow barely misses the steam dragon.
The steam dragon bites you.
The steam dragon claws you but does no damage.
You shoot an arrow.
The arrow hits the steam dragon but does no damage.
The steam dragon is moderately wounded.
The steam dragon bites you but does no damage.
The steam dragon barely misses you.
You shoot an arrow. The arrow hits the steam dragon!
The steam dragon is heavily wounded.
The steam dragon bites you but does no damage.
The steam dragon claws you.
You shoot an arrow.
The arrow hits the steam dragon but does no damage.
The steam dragon is heavily wounded.
You shoot an arrow.
The arrow closely misses the steam dragon.
The steam dragon bites you but does no damage.
The steam dragon closely misses you.
You shoot an arrow.
The arrow closely misses the steam dragon.
The steam dragon bites you but does no damage.
The steam dragon claws you.
You shoot an arrow.
The arrow barely misses the steam dragon.
The steam dragon bites you. The steam dragon claws you.
* * * LOW HITPOINT WARNING * * *
You shoot an arrow.
The arrow barely misses the steam dragon.
You shoot an arrow. The arrow hits the steam dragon.
The steam dragon is severely wounded.
The steam dragon breathes steam at you. The ball of steam hits you. You resist.
* * * LOW HITPOINT WARNING * * *
You shoot an arrow. The arrow hits the steam dragon.
The steam dragon is almost dead.
The steam dragon bites you but does no damage.
The steam dragon claws you.
You die...

## ##### #.
... #. #.#
#.#.###.##
#..D@§§..#####
#.?#..##...#..
#. ##..#...#.#
# #..##..#.#
#..##..#.#
##..##.#.#
#..#...#
..#.#.#
##..#.#.#.#..#


You could see a steam dragon (catching breath).

Vanquished Creatures
  An ogre (D:6)
  A necrophage (D:7)
  2 orc priests (D:3)
  An iguana (D:4)
  Natasha (thrice) (D:2)
  6 adders
  An ufetubus (D:7)
  2 worms (D:2)
  A dart slug (D:4)
  4 orcs
  3 ball pythons
  7 endoplasms
  3 giant cockroaches
  6 goblins
  9 hobgoblins
  2 jackals (D:2)
  4 kobolds (D:1)
  3 quokkas
  7 bats
  6 frilled lizards
  4 rats
76 creatures vanquished.

Notes
Turn   | Place    | Note
-------+----------+-------------------------------------------
     0 | D:1      | HoaS the Gargoyle Hunter began the quest for the Orb.
     0 | D:1      | Reached XP level 1. HP: 12/12 MP: 1/1
   168 | D:1      | Reached XP level 2. HP: 17/17 MP: 2/2
   540 | D:1      | Reached XP level 3. HP: 21/21 MP: 3/3
   682 | D:1      | Reached skill level 5 in Ranged Weapons
   956 | D:2      | Noticed Natasha
   960 | D:2      | Killed Natasha
  1059 | D:2      | Reached XP level 4. HP: 26/26 MP: 4/4
  1139 | D:2      | Found a bloodstained altar of Trog.
  1156 | D:2      | Noticed Natasha
  1161 | D:2      | Killed Natasha
  1342 | D:2      | Reached skill level 6 in Ranged Weapons
  1361 | D:2      | Noticed Natasha
  1369 | D:2      | Killed Natasha
  1370 | D:2      | Reached XP level 5. HP: 23/30 MP: 5/5
  1631 | D:3      | Found a shadowy altar of Dithmenos.
  2080 | D:3      | Found a faded altar of an unknown god.
  2272 | D:4      | Found a staircase to the Ecumenical Temple.
  2276 | Temple   | Entered the Ecumenical Temple
  2478 | Temple   | Became a worshipper of Makhleb the Destroyer
  2509 | D:4      | Identified a scroll of acquirement
  2509 | D:4      | Acquired 843 gold pieces
  2702 | D:3      | Reached skill level 7 in Ranged Weapons
  2733 | D:3      | Reached XP level 6. HP: 5/35 MP: 6/6
  3249 | D:4      | Noticed kae's ghost (amateur DsTm)
  3251 | D:4      | Found a transporter.
  3252 | D:4      | You fall into a shaft and drop 3 floors!
  3269 | D:7      | Found a stormy altar of Qazlal.
  3474 | D:6      | Found an opulent altar of Gozag.
  3483 | D:6      | Reached skill level 8 in Ranged Weapons
  3483 | D:6      | Reached XP level 7. HP: 13/40 MP: 7/7
  3696 | D:7      | Noticed a steam dragon
  3714 | D:7      | Slain by a steam dragon

Illustrated notes

Levels and vault maps discovered:
D:1:      spicycebolla_arrival_risky_transporter, layout_basic
D:2:      layout_basic, basic_altar, minmay_misc_feat_alley, st_stairs_8,
          dk_vineyard_1, uniq_natasha
D:3:      layout_basic, overflow_temple_1_default,
          chequers_ecumenical_altar_simple, guppyfry_early_lair_pool
D:4:      minmay_diamond_boxcup, layout_basic, led_xom_imps,
          amethyst_overflow_temple_binary, temple_statues,
          gammafunk_ghost_smash, chequers_arboretum,
          hangedman_abyss_or_decor_lesser_grid, kennysheep_generic_room_12,
          uniq_eustachio
D:6:      layout_cave_pods, general_overflow_altar, st_stairs_13,
          minmay_fire_ice_demons, uniq_maggie
D:7:      layout_basic, mainiacjoe_overflow_catch_the_wave,
          minmay_tree_intersection, palyth_stone_intersect
Temple:   bh_familiar_temple

Skill      XL: |  1  2  3  4  5  6 |
---------------+-------------------+-----
Ranged Weapons | 5 6 7 8 |  8.2
Fighting       | |  2.1
Dodging        | |  1.5
Stealth        | |  1.1

Action                   |  1- 3 |  4- 6 |  7- 9 || total
-------------------------+-------+-------+-------++-------
 Fire: Shortbow          |    85 |   187 |    18 ||   290
  Use: Scroll            |     2 |     9 |       ||    11
       Potion            |       |     1 |     1 ||     2
Armor: Leather armour    |    20 |    31 |     8 ||    59
Dodge: Dodged            |    30 |    51 |     4 ||    85

Table legend: (Time is in decaauts)
 A = Elapsed time spent in this place.
 B = Non-inter-level travel time spent in this place.
 C = Inter-level travel time spent in this place.
 D = Time resting spent in this place.
 E = Time spent auto-exploring this place.
 F = Levels seen in this place.
 G = Mean time per level.
                   A        B        C        D        E       F      G
               +--------+--------+--------+--------+--------+-----+--------+
         Total |   3763 |   3576 |    187 |    609 |   2379 |   7 |  537.6 |
       Dungeon |   3539 |   3408 |    131 |    609 |   2216 |   6 |  589.8 |
        Temple |    223 |    167 |     56 |      0 |    163 |   1 |  223.0 |
               +--------+--------+--------+--------+--------+-----+--------+

Top non-repeatable levels by time:
     D:3: 958 daAuts
     D:1: 924 daAuts
     D:2: 671 daAuts
     D:4: 540 daAuts
     D:7: 336 daAuts
  Temple: 223 daAuts
     D:6: 108 daAuts
